 Dungeon Crawl Stone Soup version 0.31-a0-164-g2312942fda (webtiles) character file.

Game seed: 18285356966020317326

27432 kae the Transmogrifier (level 13, 0/134 HPs)
             Began as a Pale Draconian Transmuter on June 13, 2023.
             Was an Elder of Ru.
             Succumbed to a black mamba's poison
             ... on level 3 of the Lair of Beasts.
             The game lasted 00:15:30 (14478 turns).

kae the Transmogrifier (Pale Draconian Transmuter) Turns: 14478, Time: 00:15:31

Health: 0/134      AC: 13    Str: 12    XL:     13   Next: 4%
Magic:  29/32      EV: 12    Int: 18    God:    Ru [****..]
Gold:   995        SH:  0    Dex: 13    Spells: 9/26 levels left

rFire   x .          .
                       - Unarmed
rCold   + + +        (shield currently unavailable)
rNeg    . . .        (body armour unavailable)
rPois   +            (helmet currently unavailable)
rElec   .            (cloak currently unavailable)
rCorr   .            (gloves currently unavailable)
SInv    .            (boots currently unavailable)
Will    .....        g - amulet of regeneration Stlth
                     W - ring of magical power
HPRegen 1.22/turn    O - +4 ring of protection
MPRegen 0.23/turn

%: no passive effects
@: lethally poisoned (0 -> -37), ice-form
A: freezing attack, amphibious, boosted hp, (breathe steam), AC +8, large,
unfitting armour, (cold-blooded), no stealth, inability to use devices, hated by
all, (steam resistance)
a: End Transformation, Renounce Religion, Draw Out Power, Power Leap


You were on level 3 of the Lair of Beasts.
You worshipped Ru.
Ru was greatly pleased with you.
You were a creature of crystalline ice.
You visited 3 branches of the dungeon, and saw 15 of its levels.

You collected 1719 gold pieces.
You spent 724 gold pieces at shops.


Innate Abilities, Weirdness & Mutations

You are a creature of crystalline ice.
You have a powerful freezing melee attack.
You are amphibious.
Your maximum health is increased.
Your armour is entirely melded.
You are incapable of wielding weapons or throwing items.
((You can breathe blasts of scalding, opaque steam.))
((Your pale cyan-grey scales are hard. (AC +8)))
You cannot fit into any form of body armour.
((You are cold-blooded and may be slowed by cold attacks.))
You cannot be stealthy.
You cannot study or use magical devices.
You are hated by all.
((You are immune to the effects of steam.))


   Skills:
 + Level 9.7 Fighting
 + Level 7.5 Dodging
 + Level 10.4 Unarmed Combat
 - Level 7.0 Spellcasting
 * Level 13.2 Transmutations
 - Level 6.0 Ice Magic
 - Level 2.0 Poison Magic


You had 9 spell levels left.
You knew the following spells:

 Your Spells              Type           Power      Damage    Failure   Level
a - Beastly Appendage     Tmut           100%       N/A       1%          1
b - Wereblood             Tmut           52%        N/A       1%          2
c - Spider Form           Tmut/Pois      33%        N/A       1%          3
d - Ice Form              Ice/Tmut       40%        N/A       1%          4
e - Dragon Form           Tmut           26%        N/A       38%         7

Your spell library contained the following spells:

 Spells                   Type           Power      Damage    Failure   Level
 Passwall                 Tmut/Erth      25%        N/A       1%          2
 Ensorcelled Hibernation  Hex/Ice        34%        N/A       4%          2
 Magic Dart               Conj           24%        1d4       11%         1
 Static Discharge         Conj/Air       12%        2-3/arc   16%         2
 Mephitic Cloud           Conj/Pois/Air  8%         N/A       26%         3
 Dazzling Flash           Conj/Hex       12%        N/A       32%         3
 Swiftness                Air            6%         N/A       32%         3
 Volatile Blastmotes      Fire/Tloc      12%        2d11      32%         3
 Olgreb's Toxic Radiance  Pois           13%        N/A       43%         4
 Airstrike                Air            3%         2d(1-17)  71%         4
 Cause Fear               Hex            3%         N/A       71%         4
 Iskenderun's Mystic Bla  Conj/Tloc      6%         2d4       71%         4
 Starburst                Conj/Fire      3%         6d3       100%        6
 Borgnjor's Revivificati  Necr           3%         N/A       100%        8
 Discord                  Hex            3%         N/A       100%        8
 Ignition                 Fire           3%         3d4       100%        8
 Necromutation            Tmut/Necr      15%        N/A       100%        8
 Death's Door             Necr           3%         N/A       100%        9
 Call Imp                 Summ           Unusable   N/A       N/A         2
 Summon Lightning Spire   Summ/Air       Unusable   N/A       N/A         4
 Dragon's Call            Summ           Unusable   N/A       N/A         9

Inventory:

Missiles
 h - 2 throwing nets {=f!f}
 j - 154 stones
 o - 38 poisoned darts
 v - 5 curare-tipped darts {=f}
 y - 8 boomerangs
 B - 2 boomerangs of dispersal {=f!f}
Magical Staves
 d - a staff of earth {!a}
   (You found it on level 3 of the Dungeon)
 f - a staff of cold {!a}
   (You took it off Fannar on level 10 of the Dungeon)
Jewellery
 g - an amulet of regeneration (around neck)
   (You found it on level 1 of the Lair of Beasts)
 m - an amulet of magic regeneration
   (You found it on level 2 of the Dungeon)
 w - a ring of magical power
   (You found it on level 10 of the Dungeon)
 O - a +4 ring of protection (right front paw)
   (You found it on level 3 of the Dungeon)
 W - a ring of magical power (left front paw)
   (You found it on level 2 of the Dungeon)
Wands
 e - a wand of polymorph (3)
   (You found it on level 10 of the Dungeon)
Scrolls
 a - 2 scrolls of vulnerability {!r!r}
 c - 3 scrolls of fog
 l - a scroll of revelation
 n - a scroll of teleportation {@r4}
 s - 4 scrolls of fear
 u - 5 scrolls of enchant weapon
 z - a scroll of torment {unknown}
 C - 2 scrolls of poison {!r}
 D - a scroll of immolation {!r!r}
Potions
 b - 3 potions of mutation {!q}
 i - a potion of brilliance
 k - 2 potions of cancellation
 p - a potion of lignification {!q}
 q - 2 potions of curing {@q1}
 r - 2 potions of berserk rage {!q}
 t - a potion of enlightenment
 x - a potion of heal wounds {@q2}
 A - a potion of might

Dungeon Overview and Level Annotations

Branches:
Dungeon (11/15) Zot: 25789  Temple (1/1) D:6 Zot: 5972    Lair (3/5) D:9 Zot: 14783
 Shoals (0/4) Lair:2        Snake (0/4) Lair:2
    Orc: D:9-12

Altars:
Ashenzari
Cheibriados
Dithmenos
Elyvilon
Gozag
Kikubaaqudgha
Makhleb
Nemelex Xobeh
Okawaru
Qazlal
Ru
Sif Muna
Trog
Uskayaw
Vehumet
Wu Jian
Xom
Zin
The Shining One

Shops:
D:1 ??   D:5 *   D:6 :   D:9 :

Annotations:
D:4 2 transporters, oufanbear's ghost, weakling HOFi
Lair:2 1 runed translucent door, sastreii's ghost, journeyman DrGl

≈≈ ≈≈ ## #####
≈≈
##.##+#P#P###
≈≈
#..........$#
≈
.+........<.##
≈
.............#
#...........#
#.../.S....#
~♣~~
##.$.>.Y....##
~~~
#............#
~~~
##..........##
~~~
####.##..#.#
~~♣♣♣###
###P...##
~~~....###
##..##
♣†.....#.#
###..###
.........#
###......#
.........#
##........#


You could see a black mamba.


Message History

The wolf closely misses you.
You maul the wolf!!!
You kill the wolf!
The wolf bites you but does no damage. x2 😕 HP[+2]
You regained 2 hp, and now have 148/168 hp.
You hit the wolf.
You redirect the wolf's attack!
The wolf bites the wolf but does no damage.
The wolf bites you!
You maul the wolf!!!
You kill the wolf!
The wolf misses you. 😕 HP[-5]
You take 5 damage, and now have 143/168 hp.
You bite the wolf!! Your bite misses the wolf. The wolf closely misses you.
The wolf misses you.
You bite the wolf!!
You kill the wolf! 😕 HP[+2] MP[+1]
You regained 2 hp, and now have 145/168 hp.
No target in view!
No target in view!
No target in view!
No target in view! 😕 HP[+1] Unknown command.
You now have 995 gold pieces (gained 13).
Your transformation is almost over.
Found a stone staircase leading down. 😎 HP[+22] MP[+2]
Your hp is fully restored (168).
Your mp is fully restored (32).
Found an escape hatch in the ceiling.
Unknown command.
A black mamba comes into view.
The black mamba hisses angrily.
A black mamba is nearby!
A black mamba is nearby!
A black mamba is nearby!
Unknown command.
Your transformation has ended.
The black mamba closely misses you. 😎 HP[-56]
You now have 112 max hp (-56).
You barely miss the black mamba. The black mamba bites you!
You are poisoned.
The black mamba poisons you!
You closely miss the black mamba. You tail-slap the black mamba.
You feel very sick. The black mamba bites you! x2
You are more poisoned.
The black mamba poisons you! 😮 HP[-35]
You take 35 damage, and now have 77/112 hp.
MASSIVE DAMAGE!! (PAUSE)
Casting: Dragon Form (quite dangerous; 38% risk of failure)
Confirm with . or Enter, or press ? or * to list all spells.
You turn into a creature of crystalline ice.
You feel extremely sick. The black mamba bites you.
You are more poisoned.
The black mamba poisons you!
The black mamba bites you but does no damage.
You feel extremely sick.
The black mamba closely misses you. 😮 HP[-5] MP[-4]
You now have 134 max hp (+22).
You lost 4 mp, and now have 28/32 mp.
You barely miss the black mamba.
You feel extremely sick. The black mamba bites you.
* * * LOW HITPOINT WARNING * * *
You are more poisoned.
The black mamba poisons you! The black mamba bites you.
* * * LOW HITPOINT WARNING * * *
😨 HP[-17]
You take 17 damage, and now have 55/134 hp.
You closely miss the black mamba.
You feel extremely sick. The black mamba misses you. 😨 HP[-9]
You take 9 damage, and now have 46/134 hp.
You closely miss the black mamba.
You feel extremely sick. The black mamba bites you!
* * * LOW HITPOINT WARNING * * *
You redirect the black mamba's attack!
The black mamba bites itself. 😱 HP[-20] MP[+1]
You take 20 damage, and now have 26/134 hp.
You closely miss the black mamba.
* * * LOW HITPOINT WARNING * * *
You feel extremely sick. The black mamba bites you!
* * * LOW HITPOINT WARNING * * *
You are more poisoned.
The black mamba poisons you! 😱 HP[-18]
You take 18 damage, and now have 8/134 hp.
You barely miss the black mamba.
You die...

Skill      XL: |  1  2  3  4  5  6  7  8  9 10 11 12 |
---------------+-------------------------------------+-----
Transmutations | 3 4 5 6 7 8 9 11 13 | 13.2
Poison Magic   | 1 2 |  2.0
Spellcasting   | 3 4 5 6 7 |  7.0
Ice Magic      | 1 2 3 4 6 |  6.0
Fighting       | 2 3 4 5 6 8 9 |  9.7
Unarmed Combat | 4 5 7 8 9 10 | 10.4
Dodging        | 3 4 6 7 |  7.5

Action                     |  1- 3 |  4- 6 |  7- 9 | 10-12 | 13-15 || total
---------------------------+-------+-------+-------+-------+-------++-------
  Melee: Unarmed           |   106 |   148 |   224 |   611 |    17 ||  1106
         Kick              |    14 |     6 |       |       |       ||    20
         Headbutt          |     5 |     4 |       |       |       ||     9
         Tailslap          |     5 |     7 |     1 |     5 |     1 ||    19
         Punch             |     1 |     1 |       |     1 |       ||     3
         Bite              |       |       |       |     6 |       ||     6
   Cast: Beastly Appendage |    20 |    10 |       |     4 |       ||    34
         Spider Form       |     2 |    17 |     4 |       |       ||    23
         Wereblood         |     1 |     4 |     6 |    20 |       ||    31
         Ice Form          |       |     2 |    18 |    51 |     1 ||    72
         Dragon Form       |       |       |       |     4 |       ||     4
 Invoke: Sacrifice Stealth |       |       |       |     1 |       ||     1
         Sacrifice Artific |       |       |       |     1 |       ||     1
         Sacrifice Love    |       |       |       |     1 |       ||     1
Ability: End Transformatio |       |     1 |       |     2 |       ||     3
         Breathe Steam     |       |       |     4 |       |       ||     4
  Evoke: Wand              |       |       |       |     7 |       ||     7
    Use: Scroll            |     2 |    12 |     7 |     4 |       ||    25
         Potion            |       |     1 |     2 |     5 |       ||     8
   Stab: Sleeping          |       |     1 |     1 |       |       ||     2
         Distracted        |       |       |       |     1 |       ||     1
         Invisible         |       |       |       |     1 |       ||     1
 Armour: Skin              |    45 |    51 |   105 |   288 |     7 ||   496
  Dodge: Dodged            |    91 |   125 |   119 |   354 |     8 ||   697

Levels and vault maps discovered:
D:1:      evilmike_arrival_fibonacci_small, layout_basic, serial_shops, shop,
          nicolae_shop_window_shopping
D:2:      layout_basic, shapermc_ecumenical_altar_mp_ritualfount, uniq_terence
D:3:      layout_rooms
D:4:      layout_basic, gammafunk_ghost_smash, minmay_goblin_outpost
D:5:      layout_rooms, serial_shops, nicolae_diamond_shop,
          nicolae_grassy_gnolls, uniq_blork_the_orc
D:6:      cheibrodos_iron_armory, layout_loops_ring,
          nicolae_overflow_crystal_walls, minmay_temple_entry_glass,
          serial_shops, nicolae_square_shop, minmay_tree_intersection,
          uniq_pikel
D:7:      layout_basic, lemuel_crystal_altar, minitemple, kennysheep_cross_room
D:8:      layout_basic
D:9:      layout_loops_cross, lemuel_doored_altar, lair_entry_dummy,
          serial_shops, nicolae_shop_rolling_square
D:10:     minmay_spotlight, layout_rooms, mainiacjoe_overflow_24_doors,
          kennysheep_mini_moat, kennysheep_dice, uniq_sonja, uniq_fannar,
          uniq_josephine
D:11:     layout_roguey
Temple:   hellmonk_temple_rainy
Lair:1:   layout_cave_pods, chequers_serial_rivers_room_b, minivault_23,
          dreamdust_gnoll_shepherd, grunt_megastairs_2,
          infiniplex_staircase_pool_2
Lair:2:   layout_loops_ring, nicolae_shoals_entry_roost,
          minmay_snake_entry_six_corridors, ebering_ghost_xom,
          serial_bayou_pond_e, st_stairs_6, lemuel_old_faithful
Lair:3:   layout_roguey, serial_bayou_lake_a, infiniplex_staircase_pool,
          serial_bayou_shore_a, uniq_nergalle

Notes
Turn   | Place    | Note
-------+----------+-------------------------------------------
     0 | D:1      | kae the Draconian Transmuter began the quest for the Orb.
     0 | D:1      | Reached XP level 1. HP: 16/16 MP: 3/3
     0 | D:1      | magus.rc [v1.11.3]
    21 | D:1      | You fall into a shaft and drop 1 floor!
    62 | D:2      | Found a faded altar of an unknown god.
    82 | D:2      | Reached XP level 2. HP: 20/23 MP: 3/5
   119 | D:2      | You pick up a book of Burglary and begin reading...
   119 | D:2      | You add the spells Passwall, Ensorcelled Hibernation and
                  | Swiftness to your library.
   391 | D:1      | Reached skill level 3 in Transmutations
   489 | D:1      | Reached XP level 3. HP: 24/28 MP: 6/6
   502 | D:1      | Learned a level 2 spell: Wereblood
   506 | D:1      | Learned a level 3 spell: Spider Form
   616 | D:1      | Found Coastrirgh's Magic Scroll Boutique.
   654 | D:1      | Found Wyojiunn's Magic Scroll Shoppe.
   689 | D:1      | Bought a scroll of identify for 20 gold pieces
   783 | D:1      | Bought a scroll of identify for 22 gold pieces
  1409 | D:2      | Noticed Terence
  1421 | D:2      | Killed Terence
  1422 | D:2      | Reached skill level 1 in Poison Magic
  1422 | D:2      | Reached XP level 4. HP: 27/35 MP: 8/8
  1586 | D:2      | You pick up a book of Storms and begin reading...
  1586 | D:2      | You add the spells Static Discharge, Airstrike and Summon
                  | Lightning Spire to your library.
  1830 | D:3      | You pick up a book of Minor Magic and begin reading...
  1830 | D:3      | You add the spells Magic Dart, Call Imp and Mephitic Cloud
                  | to your library.
  2368 | D:3      | Reached skill level 4 in Transmutations
  2425 | D:4      | Reached skill level 2 in Poison Magic
  2425 | D:4      | Reached XP level 5. HP: 33/40 MP: 9/9
  2428 | D:4      | Reached skill level 3 in Spellcasting
  2481 | D:4      | Noticed a black bear
  2508 | D:4      | Noticed an ogre
  2518 | D:4      | Killed an ogre
  2530 | D:4      | Learned a level 4 spell: Ice Form
  2731 | D:4      | Noticed oufanbear's ghost (weakling HOFi)
  2732 | D:4      | Found a transporter.
  2737 | D:4      | Noticed an ogre
  2741 | D:4      | Found a transporter.
  2744 | D:4      | Noticed an ogre
  2759 | D:4      | Noticed a wyvern
  2774 | D:4      | HP: 14/60 [wyvern (13)]
  2777 | D:4      | HP: 1/60 [wyvern (8)]
  2778 | D:4      | Killed a wyvern
  2779 | D:4      | Reached skill level 5 in Transmutations
  2779 | D:4      | Reached skill level 1 in Ice Magic
  2779 | D:4      | Reached XP level 6. HP: 2/48 MP: 11/11
  3551 | D:4      | Reached skill level 2 in Fighting
  3551 | D:4      | Reached skill level 2 in Ice Magic
  3551 | D:4      | Your scales start taking on a pale cyan-grey colour.
  3551 | D:4      | Reached XP level 7. HP: 55/55 MP: 12/12
  3551 | D:4      | Gained mutation: You are immune to the effects of steam.
                  | [Pale Draconian growth]
  3594 | D:5      | Entered Level 5 of the Dungeon
  3605 | D:5      | Identified the +1 robe "Keror" {rPois Str-4 Dex+5}
  3633 | D:5      | Reached skill level 4 in Unarmed Combat
  3659 | D:5      | Reached skill level 3 in Ice Magic
  3841 | D:5      | Reached skill level 4 in Spellcasting
  3975 | D:5      | Noticed Blork the orc
  3989 | D:5      | Killed Blork the orc
  3990 | D:5      | Reached skill level 3 in Fighting
  3990 | D:5      | Reached skill level 6 in Transmutations
  3990 | D:5      | Reached XP level 8. HP: 31/63 MP: 14/14
  4118 | D:5      | Found Vadgh's Assorted Antiques.
  4127 | D:5      | Bought a scroll of identify for 38 gold pieces
  4131 | D:5      | Identified a scroll of acquirement
  4132 | D:5      | Acquired 985 gold pieces
  4250 | D:6      | Found a glowing silver altar of Zin.
  4395 | D:6      | Reached skill level 5 in Unarmed Combat
  4440 | D:6      | Noticed Pikel
  4457 | D:6      | Killed Pikel
  4458 | D:6      | Reached skill level 4 in Ice Magic
  4501 | D:6      | Reached skill level 4 in Fighting
  4615 | D:6      | Found a staircase to the Ecumenical Temple.
  4714 | D:6      | Reached skill level 7 in Transmutations
  4714 | D:6      | Reached XP level 9. HP: 71/71 MP: 15/15
  4742 | Temple   | Entered the Ecumenical Temple
  4800 | D:6      | Found Utwol's Book Emporium.
  5011 | D:6      | Reached skill level 6 in Unarmed Combat
  5011 | D:6      | Reached skill level 5 in Ice Magic
  5316 | D:6      | HP: 19/85 [gnoll sergeant/+0 spear (7)]
  5322 | D:6      | HP: 12/85 [gnoll sergeant/+0 spear (2)]
  5804 | D:7      | Found a shimmering blue altar of Sif Muna.
  5830 | D:7      | Found a blossoming altar of Fedhas.
  5878 | D:7      | Found a sacrificial altar of Ru.
  5890 | D:7      | Reached skill level 2 in Dodging
  5895 | D:7      | Became a worshipper of Ru the Awakened
  5901 | D:7      | Found a burning altar of Makhleb.
  5902 | D:7      | Found a shimmering altar of Xom.
  5902 | D:7      | Found an opulent altar of Gozag.
  5905 | D:7      | Found a broken altar of Ashenzari.
  5906 | D:7      | Found a snail-covered altar of Cheibriados.
  5962 | D:7      | Reached skill level 5 in Spellcasting
  6237 | D:6      | Noticed a rust devil
  6237 | D:6      | Noticed a rust devil
  6259 | D:7      | HP: 28/130 [rust devil (6)]
  6260 | D:7      | Killed a rust devil
  6261 | D:7      | Reached skill level 5 in Fighting
  6261 | D:7      | Reached skill level 8 in Transmutations
  6261 | D:7      | Reached skill level 6 in Ice Magic
  6639 | D:8      | Reached skill level 7 in Unarmed Combat
  6644 | D:8      | Reached skill level 3 in Dodging
  6648 | D:8      | Reached XP level 10. HP: 79/81 MP: 17/17
  7508 | D:9      | Found Lamugoo's Book Shoppe.
  7513 | D:9      | Bought a book of the Dragon for 644 gold pieces
  7513 | D:9      | You pick up a book of the Dragon and begin reading...
  7513 | D:9      | You add the spells Cause Fear, Dragon Form and Dragon's
                  | Call to your library.
  7521 | D:9      | Learned a level 7 spell: Dragon Form
  7549 | D:9      | Found a staircase to the Lair.
  7568 | D:9      | Gained mutation: You cannot be stealthy. [Ru sacrifice]
  7712 | D:9      | Found a hide-covered altar of Uskayaw.
  8262 | D:10     | Entered Level 10 of the Dungeon
  8413 | D:10     | Noticed Sonja
  8429 | D:10     | Killed Sonja
  8430 | D:10     | Reached skill level 6 in Fighting
  8430 | D:10     | Reached skill level 4 in Dodging
  8430 | D:10     | Reached skill level 9 in Transmutations
  8463 | D:10     | Reached skill level 6 in Spellcasting
  8469 | D:10     | Reached skill level 8 in Unarmed Combat
  8541 | D:10     | Found a stormy altar of Qazlal.
  8553 | D:10     | Identified the +2 leather armour of Caysutip {rElec Dex+3}
  8730 | D:10     | Noticed Josephine
  8743 | D:10     | Killed Josephine
  8744 | D:10     | Reached XP level 11. HP: 27/90 MP: 20/20
  8749 | D:10     | HP: 21/108 [wraith[Josephine] (8)]
  8755 | D:10     | Noticed Fannar
  8757 | D:9      | HP: 14/108 [wraith[Josephine] (8)]
  8762 | D:9      | HP: 12/108 [wraith[Josephine] (2)]
  8764 | D:9      | HP: 3/108 [wraith[Josephine] (9)]
  8769 | D:9      | HP: 36/162 [wraith[Josephine] (7)]
  8772 | D:9      | HP: 15/162 [wraith[Josephine] (11)]
  9191 | D:10     | Killed Fannar
  9192 | D:10     | Reached skill level 10 in Transmutations
  9335 | D:10     | Found a bloodstained altar of Trog.
  9571 | D:10     | Reached skill level 7 in Fighting
  9873 | D:10     | Identified the +5 dagger of the Desert {protect, Str+3}
  9881 | D:10     | You add the spells Borgnjor's Revivification, Necromutation
                  | and Death's Door to your library.
 10012 | D:11     | Reached skill level 5 in Dodging
 10368 | D:11     | Noticed a boulder beetle
 10392 | D:11     | Killed a boulder beetle
 10522 | D:11     | You pick up a book of Spectacle and begin reading...
 10522 | D:11     | You add the spells Volatile Blastmotes, Dazzling Flash,
                  | Iskenderun's Mystic Blast and Starburst to your library.
 10926 | D:11     | Gained mutation: You cannot study or use magical devices.
                  | [Ru sacrifice]
 10926 | D:11     | Reached * piety under Ru
 10926 | D:11     | Reached ** piety under Ru
 10926 | D:11     | Reached *** piety under Ru
 11219 | Lair:1   | Entered Level 1 of the Lair of Beasts
 11581 | Lair:1   | Reached skill level 7 in Spellcasting
 11589 | Lair:1   | HP: 27/111 [yak (8)]
 11591 | Lair:1   | Reached skill level 11 in Transmutations
 11597 | Lair:1   | HP: 24/112 [yak (6)]
 11775 | Lair:1   | Reached skill level 9 in Unarmed Combat
 11851 | Lair:1   | Reached skill level 8 in Fighting
 12040 | Lair:1   | Reached skill level 6 in Dodging
 12095 | Lair:1   | Noticed a catoblepas
 12169 | Lair:1   | You fall into a shaft and drop 1 floor!
 12182 | Lair:2   | Reached XP level 12. HP: 102/102 MP: 22/22
 12499 | Lair:2   | Reached skill level 12 in Transmutations
 12514 | Lair:2   | Found a staircase to the Shoals.
 12670 | Lair:2   | Reached skill level 9 in Fighting
 12817 | Lair:2   | Found a staircase to the Snake Pit.
 12845 | Lair:2   | You add the spells Olgreb's Toxic Radiance, Ignition and
                  | Discord to your library.
 12866 | Lair:2   | Reached skill level 7 in Dodging
 12881 | Lair:2   | Found a runed translucent door.
 12881 | Lair:2   | Found a shimmering altar of Xom.
 12881 | Lair:2   | Noticed sastreii's ghost (journeyman DrGl)
 12909 | Lair:2   | Reached skill level 10 in Unarmed Combat
 13455 | Lair:2   | Gained mutation: You are hated by all. [Ru sacrifice]
 13455 | Lair:2   | Reached **** piety under Ru
 13516 | Lair:1   | Killed a catoblepas
 14094 | Lair:3   | Noticed Nergalle
 14106 | Lair:3   | Killed Nergalle
 14262 | Lair:3   | Reached skill level 13 in Transmutations
 14366 | Lair:3   | Noticed a four-headed hydra
 14379 | Lair:3   | Killed a six-headed hydra
 14406 | Lair:3   | Noticed a five-headed hydra
 14411 | Lair:3   | Killed a seven-headed hydra
 14412 | Lair:3   | Reached XP level 13. HP: 112/112 MP: 23/23
 14476 | Lair:3   | HP: 26/134 [black mamba (13)]
 14477 | Lair:3   | HP: 8/134 [black mamba (12)]
 14478 | Lair:3   | Succumbed to a black mamba's poison

Vanquished Creatures
  Josephine (D:10)
  Fannar (D:10)
  2 hydras (Lair:3)
  A boulder beetle (D:11)
  A catoblepas (Lair:1)
  Sonja (D:10)
  Nergalle (Lair:3)
  Pikel (D:6)
  2 harpies (Lair:2)
  6 black mambas (Lair:2)
  A rust devil (D:7)
  7 cane toads
  A rime drake (Lair:2)
  7 komodo dragons
  A troll (D:11)
  A polar bear (Lair:2)
  2 hornets
  4 blink frogs (Lair:2)
  A vampire (D:10)
  5 wyverns
  30 yaks
  3 wraiths (D:9)
  4 vampire mosquitoes (D:10)
  2 steam dragons
  3 basilisks
  An acid dragon (D:8)
  12 water moccasins
  4 black bears
  A sky beast (D:6)
  7 orc warriors
  An ice beast (D:6)
  13 wolves
  2 centaurs
  3 ogres
  3 lemures (D:6)
  Blork the orc (D:5)
  2 gnoll sergeants
  5 kobold brigands
  13 bullfrogs
  A scorpion (D:7)
  6 wights
  8 killer bees
  2 electric eels (Lair:3)
  3 jellies
  2 lava snakes (D:10)
  2 gnoll boudas
  3 orc priests
  2 hounds
  A sleepcap (D:6)
  3 orc wizards (D:8)
  3 iguanas
  Terence (D:2)
  12 adders
  12 gnolls
  A white imp (D:5)
  An ufetubus (D:5)
  2 worms
  3 dart slugs
  15 orcs
  5 bats
  2 endoplasms (D:3)
  4 giant cockroaches
  8 goblins
  12 hobgoblins
  9 jackals
  4 quokkas
  2 ball pythons
  4 frilled lizards
  28 kobolds
  2 rats
320 creatures vanquished.

Table legend:
 A = Non-vault XP
 B = Vault XP
 C = Vault XP percentage of total XP
 D = Non-vault monster count
 E = Vault monster count
 F = Vault count percentage of total count
                 A         B        C        D         E       F
            +---------+---------+-------+---------+---------+-------
      Total |   27326 |   11863 |  30.3 |     266 |      51 |  16.1
            +---------+---------+-------+---------+---------+-------
        D:1 |      48 |       0 |   0.0 |      22 |       0 |   0.0
        D:2 |      46 |      32 |  41.0 |      17 |       1 |   5.6
        D:3 |      60 |       0 |   0.0 |      19 |       0 |   0.0
        D:4 |     583 |      10 |   1.7 |      15 |       5 |  25.0
        D:5 |     383 |     295 |  43.5 |      17 |       7 |  29.2
        D:6 |    1274 |     673 |  34.6 |      25 |       1 |   3.8
        D:7 |     901 |     678 |  42.9 |      15 |       3 |  16.7
        D:8 |    1390 |       0 |   0.0 |      19 |       0 |   0.0
        D:9 |     671 |     616 |  47.9 |       9 |       3 |  25.0
       D:10 |    3362 |    3457 |  50.7 |      23 |       9 |  28.1
       D:11 |    1632 |       0 |   0.0 |      14 |       0 |   0.0
     Lair:1 |    5076 |    1600 |  24.0 |      24 |       9 |  27.3
     Lair:2 |    6965 |    3739 |  34.9 |      27 |      12 |  30.8
     Lair:3 |    4935 |     763 |  13.4 |      20 |       1 |   4.8
            +---------+---------+-------+---------+---------+-------

Skill      XL: |  1  2  3  4  5  6  7  8  9 10 11 12 |
---------------+-------------------------------------+-----
Transmutations | 3 4 5 6 7 8 9 11 13 | 13.2
Poison Magic   | 1 2 |  2.0
Spellcasting   | 3 4 5 6 7 |  7.0
Ice Magic      | 1 2 3 4 6 |  6.0
Fighting       | 2 3 4 5 6 8 9 |  9.7
Unarmed Combat | 4 5 7 8 9 10 | 10.4
Dodging        | 3 4 6 7 |  7.5

Action                     |  1- 3 |  4- 6 |  7- 9 | 10-12 | 13-15 || total
---------------------------+-------+-------+-------+-------+-------++-------
  Melee: Unarmed           |   106 |   148 |   224 |   611 |    17 ||  1106
         Kick              |    14 |     6 |       |       |       ||    20
         Headbutt          |     5 |     4 |       |       |       ||     9
         Tailslap          |     5 |     7 |     1 |     5 |     1 ||    19
         Punch             |     1 |     1 |       |     1 |       ||     3
         Bite              |       |       |       |     6 |       ||     6
   Cast: Beastly Appendage |    20 |    10 |       |     4 |       ||    34
         Spider Form       |     2 |    17 |     4 |       |       ||    23
         Wereblood         |     1 |     4 |     6 |    20 |       ||    31
         Ice Form          |       |     2 |    18 |    51 |     1 ||    72
         Dragon Form       |       |       |       |     4 |       ||     4
 Invoke: Sacrifice Stealth |       |       |       |     1 |       ||     1
         Sacrifice Artific |       |       |       |     1 |       ||     1
         Sacrifice Love    |       |       |       |     1 |       ||     1
Ability: End Transformatio |       |     1 |       |     2 |       ||     3
         Breathe Steam     |       |       |     4 |       |       ||     4
  Evoke: Wand              |       |       |       |     7 |       ||     7
    Use: Scroll            |     2 |    12 |     7 |     4 |       ||    25
         Potion            |       |     1 |     2 |     5 |       ||     8
   Stab: Sleeping          |       |     1 |     1 |       |       ||     2
         Distracted        |       |       |       |     1 |       ||     1
         Invisible         |       |       |       |     1 |       ||     1
 Armour: Skin              |    45 |    51 |   105 |   288 |     7 ||   496
  Dodge: Dodged            |    91 |   125 |   119 |   354 |     8 ||   697

Illustrated notes

Table legend:
 A = Kills in this place as a percentage of kills in the entire game.
 B = Kills by you in this place as a percentage of kills by you in the entire game.
 C = Kills by friends in this place as a percentage of kills by friends in the entire game.
 D = Other kills in this place as a percentage of other kills in the entire game.
 E = Experience gained in this place as a percentage of experience gained in the entire game.
 F = Experience gained in this place divided by the number of levels of this place that you have seen.
                   A       B       C       D       E      F
               +-------+-------+-------+-------+-------+----------------------
         Total | 100.0 | 100.0 |   N/A |   N/A | 100.0 | 2612.6
       Dungeon |  70.7 |  70.7 |   N/A |   N/A |  41.1 | 1464.6
          Lair |  29.3 |  29.3 |   N/A |   N/A |  58.9 | 7692.7
               +-------+-------+-------+-------+-------+----------------------

Table legend: (Time is in decaauts)
 A = Elapsed time spent in this place.
 B = Non-inter-level travel time spent in this place.
 C = Inter-level travel time spent in this place.
 D = Time resting spent in this place.
 E = Time spent auto-exploring this place.
 F = Levels seen in this place.
 G = Mean time per level.
                   A        B        C        D        E       F      G
               +--------+--------+--------+--------+--------+-----+--------+
         Total |  14415 |  13948 |    467 |    809 |  10733 |  15 |  961.0 |
       Dungeon |  11171 |  10804 |    367 |    794 |   8231 |  11 | 1015.5 |
        Temple |     27 |     13 |     14 |      0 |      9 |   1 |   27.0 |
          Lair |   3216 |   3131 |     85 |     15 |   2493 |   3 | 1072.0 |
               +--------+--------+--------+--------+--------+-----+--------+

Top non-repeatable levels by time:
  Lair:1: 1538 daAuts
    D:10: 1496 daAuts
  Lair:2: 1302 daAuts
     D:6: 1251 daAuts
     D:4: 1204 daAuts
     D:9: 1200 daAuts
    D:11: 1045 daAuts
     D:8: 986 daAuts
     D:1: 980 daAuts
     D:7: 969 daAuts
     D:2: 821 daAuts
     D:5: 643 daAuts
     D:3: 572 daAuts
  Lair:3: 375 daAuts
  Temple: 27 daAuts
